 Dungeon Crawl Stone Soup version 0.31-a0-325-g067879e3d3 (webtiles) character file.

Game seed: 4275707482474314093

16 cforsyth the Changeling (level 2, 0/22 HPs)
             Began as a Vampire Shapeshifter on July 18, 2023.
             Slain by an adder (4 damage)
             ... on level 2 of the Dungeon.
             The game lasted 00:01:12 (1033 turns).

cforsyth the Changeling (Vampire Shapeshifter)      Turns: 1033, Time: 00:01:12

Health: 0/22       AC:  2    Str: 14    XL:     2   Next: 37%
Magic:  2/2        EV: 12    Int: 10    God:
Gold:   25         SH:  0    Dex: 14    Spells: 1/1 levels left

rFire   . .          .
                       - Unarmed
rCold   . . .        (no shield)
rNeg    . . .        a - +0 animal skin
rPois   .            (helmet currently unavailable)
rElec   .            (cloak currently unavailable)
rCorr   .            (gloves currently unavailable)
SInv    +            (boots currently unavailable)
Will    .....        (no amulet)
Stlth   +            (no ring)
HPRegen 0.43/turn    (no ring)
MPRegen 0.08/turn

%: no passive effects
@: lethally poisoned (0 -> -2), beast-form, healing quickly
A: beast (slay +2), alive, fangs 3, see invisible, vampiric 1
a: Exsanguinate, Begin Untransformation


You were on level 2 of the Dungeon.
You were a hulking beast.
You visited 1 branch of the dungeon, and saw 2 of its levels.

You collected 25 gold pieces.

Inventory:

Armour
 a - a +0 animal skin (worn)
Talismans
 c - a beast talisman
Scrolls
 d - a scroll of fear {unknown}
 f - a scroll of teleportation {unknown}
 g - a scroll of silence {unknown}
Potions
 b - a potion of lignification
 e - a potion of attraction {unknown}


   Skills:
 + Level 2.1 Fighting
 - Level 2.1 Dodging
 + Level 2.6 Unarmed Combat
 + Level 3.5 Shapeshifting


You had one spell level left.
You didn't know any spells.
Your spell library contained the following spells:

 Spells                   Type           Power      Damage    Failure   Level
 Sting                    Tmut/Pois      0%         1d3       36%         1
 Poisonous Vapours        Pois/Air       0%         N/A       50%         2
 Olgreb's Toxic Radiance  Pois           0%         N/A       98%         4


Dungeon Overview and Level Annotations

Branches:
Dungeon (2/15)

Altars:


Innate Abilities, Weirdness & Mutations

You are a hulking beast.
Your limbs bulge with bestial killing power. (Slay +2)
Your natural rate of healing is accelerated.
You have razor-sharp teeth.
You have supernaturally acute eyesight. (SInv)
You are afflicted with vampirism.


Message History

a +0 dagger; a goblin corpse You miss the adder.
You feel sick. The adder bites you.
You are more poisoned.
The adder poisons you! The adder bites you.
You are more poisoned.
The adder poisons you!
You closely miss the adder.
You feel very sick. The adder barely misses you.
You hit the adder.
The adder is moderately wounded.
You feel very sick. The adder closely misses you.
The ball python closely misses you. The ball python grabs you.
The ball python constricts you.
You are too injured to fight recklessly!
You are too injured to fight recklessly!
You are too injured to fight recklessly!
You are too injured to fight recklessly!
You are too injured to fight recklessly!
You are too injured to fight recklessly!
You are too injured to fight recklessly!
You are too injured to fight recklessly!
You are too injured to fight recklessly!
You escape the ball python's grasp.
You feel very sick. The adder attacks as you move away! The adder misses you.
You feel sick. The adder barely misses you.
* * * LOW HITPOINT WARNING * * *
You feel sick.
Unknown command.
The ball python attacks as you move away!
The ball python bites you but does no damage.
The ball python closely misses you.
You feel sick.
You hit the ball python.
The ball python is heavily wounded.
You feel sick.
You closely miss the adder.
The adder is moderately wounded.
You feel sick. The adder bites you.
You die...

#<# #.### #.#..
#.#.# #.#.#
##########.#.#
#.^.?...##.#.######
#.......##.#.......
.......SSh.........
........##.#.......
........##.#.######
.......)##.#..
........##.####
........##.#
............
#####....... #...$.


You could see an adder and a ball python.

Vanquished Creatures
  A ball python (D:1)
  4 bats (D:1)
  An endoplasm (D:1)
  A giant cockroach (D:1)
  A hobgoblin (D:1)
  A frilled lizard (D:1)
  2 goblins
  4 rats (D:1)
15 creatures vanquished.

Notes
Turn   | Place    | Note
-------+----------+-------------------------------------------
     0 | D:1      | cforsyth the Vampire Shapeshifter began the quest for the
                  | Orb.
     0 | D:1      | Reached XP level 1. HP: 16/16 MP: 1/1
   371 | D:1      | Reached XP level 2. HP: 18/22 MP: 2/2
  1033 | D:2      | Slain by an adder

Illustrated notes

Levels and vault maps discovered:
D:1:      wander_arrival_estate, layout_basic, roderic_serpentine_path,
          nrook_campfire
D:2:      cheibrodos_helix_gallery, layout_basic, ebering_ecumenical_altar_rust

Skill      XL: |  1 |
---------------+----+-----
Fighting       | 2 |  2.1
Dodging        | |  2.1
Unarmed Combat | |  2.6
Shapeshifting  | |  3.5

Action                     || total
---------------------------++-------
  Melee: Unarmed           ||    35
         Bite              ||     3
   Stab: Sleeping          ||     2
 Armour: Animal skin       ||     7
  Dodge: Dodged            ||    24

Table legend: (Time is in decaauts)
 A = Elapsed time spent in this place.
 B = Non-inter-level travel time spent in this place.
 C = Inter-level travel time spent in this place.
 D = Time resting spent in this place.
 E = Time spent auto-exploring this place.
 F = Levels seen in this place.
 G = Mean time per level.
                   A        B        C        D        E       F      G
               +--------+--------+--------+--------+--------+-----+--------+
         Total |   1031 |   1007 |     24 |      0 |    910 |   2 |  515.5 |
       Dungeon |   1031 |   1007 |     24 |      0 |    910 |   2 |  515.5 |
               +--------+--------+--------+--------+--------+-----+--------+

Top non-repeatable levels by time:
     D:1: 1005 daAuts
     D:2: 25 daAuts
